General information
- name: BNet
- type: Ladder 1vs1/FFA
- host: Battle.net
- saver: ZombieMachoMan
map: RoadToStratholme
- players: 2
- length: 14:38
- speed: Fast
- version: 1.26 W3XP
- replay type: Public
» download(50 KB)
Players
team 1 (winner)
ZombieMachoMan (
pink | 79 APM | 1150 actions | 14:38)
3 Archmage
2 Blizzard
1 Brilliance Aura
1 Blood Mage
1 Flame Strike
» actions
| Assign group hotkey | 23 | |
| Basic commands | 59 | |
| Build / train | 81 | |
| ESC pressed | 3 | |
| Enter build submenu | 33 | |
| Enter hero's abilities submenu | 4 | |
| Give item / drop item | 1 | |
| Right click | 496 | |
| Select / deselect | 289 | |
| Select group hotkey | 49 | |
| Use ability | 112 | |
1150 total
» units
| Peasant | 37 | |
| Dragonhawk Rider | 2 | |
39 total
» upgrades
» buildings
| Altar of Kings | 1 | |
| Farm | 7 | |
| Arcane Vault | 1 | |
| Lumber Mill | 1 | |
| Scout Tower | 18 | |
| Arcane Tower | 5 | |
| Town Hall | 1 | |
| Guard Tower | 9 | |
| Keep | 1 | |
| Blacksmith | 2 | |
| Castle | 1 | |
| Gryphon Aviary | 3 | |
50 total
» build order
00:08 Altar of Kings
00:31 Farm
00:41 Farm
00:58 Arcane Vault
01:06 Lumber Mill
01:19 Scout Tower
02:08 Farm
02:48 Arcane Tower
02:50 Scout Tower
02:52 Farm
03:46 Arcane Tower
03:52 Scout Tower
04:25 Arcane Tower
05:01 Scout Tower
05:43 Arcane Tower
05:46 Scout Tower
05:50 Town Hall
06:09 Arcane Tower
06:34 Scout Tower
06:35 Scout Tower
06:35 Scout Tower
07:04 Scout Tower
07:05 Scout Tower
07:21 Guard Tower
07:37 Guard Tower
07:43 Guard Tower
08:35 Keep
09:05 Guard Tower
09:08 Guard Tower
09:10 Scout Tower
09:11 Scout Tower
09:24 Farm
09:25 Farm
09:34 Blacksmith
09:38 Guard Tower
09:41 Scout Tower
09:41 Scout Tower
09:45 Scout Tower
10:02 Scout Tower
10:03 Scout Tower
10:39 Guard Tower
10:42 Blacksmith
10:51 Guard Tower
11:00 Castle
11:34 Gryphon Aviary
11:40 Farm
11:47 Gryphon Aviary
11:47 Gryphon Aviary
12:03 Guard Tower
13:33 Scout Tower
» items
| Mechanical Critter | 2 | |
| Lesser Clarity Potion | 3 | |
| Scroll of Regeneration | 6 | |
| Boots of Speed | 2 | |
| Scroll of Town Portal | 1 | |
| Potion of Mana | 1 | |
| Potion of Healing | 3 | |
18 total
team 2 (loser)
YOURARENERD (
green | 91 APM | 1336 actions | 14:37)
2 Archmage
1 Blizzard
1 Brilliance Aura
1 Pandaren Brewmaster
1 Breath of Fire
» actions
| Assign group hotkey | 48 | |
| Basic commands | 7 | |
| Build / train | 48 | |
| ESC pressed | 1 | |
| Enter build submenu | 16 | |
| Enter hero's abilities submenu | 3 | |
| Remove unit from queue | 1 | |
| Right click | 529 | |
| Select / deselect | 218 | |
| Select group hotkey | 416 | |
| Use ability | 49 | |
1336 total
» units
| Peasant | 10 | |
| Footman | 6 | |
| Gryphon Rider | 7 | |
| Dragonhawk Rider | 4 | |
27 total
» upgrades
» buildings
| Altar of Kings | 1 | |
| Barracks | 1 | |
| Farm | 8 | |
| Scout Tower | 2 | |
| Arcane Tower | 1 | |
| Keep | 1 | |
| Lumber Mill | 1 | |
| Blacksmith | 1 | |
| Castle | 1 | |
| Guard Tower | 2 | |
| Gryphon Aviary | 2 | |
| Arcane Vault | 1 | |
22 total
» build order
00:09 Altar of Kings
00:22 Barracks
00:34 Farm
01:11 Farm
01:31 Scout Tower
02:13 Arcane Tower
02:59 Keep
03:52 Lumber Mill
03:55 Blacksmith
04:06 Farm
04:13 Farm
04:46 Scout Tower
06:08 Castle
06:09 Guard Tower
06:15 Gryphon Aviary
06:15 Gryphon Aviary
06:31 Arcane Vault
07:42 Farm
07:42 Farm
07:42 Farm
11:17 Guard Tower
12:02 Farm
» items
| Boots of Speed | 3 | |
| Scroll of Regeneration | 2 | |
| Staff of Sanctuary | 1 | |
| Ivory Tower | 1 | |
| Potion of Healing | 1 | |
8 total
Chat log
(02:02 / All) YOURARENERD: im ganna make you nerd rage ok
(02:12 / All) ZombieMachoMan: no understand
(02:18 / All) YOURARENERD: you
(02:20 / All) YOURARENERD: suck
(14:19 / All) YOURARENERD: good game broski
(14:23 / All) ZombieMachoMan: you suck
(14:26 / All) ZombieMachoMan: ragequit
(14:26 / All) ZombieMachoMan: lol
(14:28 / All) YOURARENERD: you suck sir
(14:32 / All) YOURARENERD: k
(14:35 / All) YOURARENERD: fUUUUCK YOU
(14:36 / All) YOURARENERD: awwwwwwww